IL
DURHAM BULLS @ GWINNETT BRAVES
09/01/2098
 
TOP OF THE 1ST
Durham Bulls batting - Pitching for Gwinnett Braves : RHP Clodio Benido
Pitching: RHP Clodio Benido
Batting: RHB Luis Rubio 0-0: Ball
1-0: Ball
2-0: Ground out 6-3 (Groundball, 6, EV 86.3 MPH)
Batting: RHB A.J. Adair 0-0: Ball
1-0: Ball
2-0: Ground out 6-3 (Groundball, 6, EV 85.0 MPH)
Batting: LHB Dave Gonzales 0-0: Ball
1-0: SINGLE (Groundball, 6MD, EV 108.8 MPH)
Batting: LHB Xavier Longoria 0-0: Ball
1-0: SINGLE (Line Drive, 8LS, EV 92.5 MPH)
Dave Gonzales to second
Batting: LHB Bettino Sanguinacco 0-0: Called Strike
0-1: Fly out, F8 (Flyball, 8RXD, EV 94.4 MPH)
Top of the 1st over - 0 runs, 2 hits, 0 errors, 2 left on base; Durham 0 - Gwinnett 0
BOTTOM OF THE 1ST
Gwinnett Braves batting - Pitching for Durham Bulls : RHP Alex Ramirez
Pitching: RHP Alex Ramirez
Batting: RHB Jonathan Allen 0-0: Fly out, F4 (Flyball, 4MD, EV 94.4 MPH)
Batting: RHB Ryan Carrier 0-0: Ball
1-0: Ball
2-0: Ball
3-0: Called Strike
3-1: Base on Balls
Batting: LHB Casey Faler 0-0: Called Strike
Ryan Carrier steals 2nd base
0-1: Swinging Strike
0-2: Ball
1-2: Foul Ball, location: 2F
1-2: Strikes out swinging
Batting: RHB Arthur Dennis 0-0: Ball
1-0: Called Strike
1-1: Ball
2-1: Foul Ball, location: 2F
2-2: Strikes out swinging
Bottom of the 1st over - 0 runs, 0 hits, 0 errors, 1 left on base; Durham 0 - Gwinnett 0
TOP OF THE 2ND
Durham Bulls batting - Pitching for Gwinnett Braves : RHP Clodio Benido
Batting: RHB David Vorel 0-0: Swinging Strike
0-1: Ball
1-1: Ball
2-1: SINGLE (Line Drive, 89S, EV 102.5 MPH)
Batting: LHB Adam Jensen 0-0: Called Strike
0-1: Called Strike
0-2: Ball
1-2: Ball
2-2: Ball
3-2: SINGLE (Groundball, 4S, EV 79.4 MPH)
David Vorel to second
Batting: RHB Matthew Randall 0-0: Bunted foul
0-1: Ball
1-1: Bunt - Flyout to 25! F5
Batting: RHB Edgar Guerrero 0-0: Ball
1-0: Called Strike
1-1: Called Strike
1-2: Ball
2-2: Foul Ball, location: 9LMF
2-2: Fly out, F7 (Flyball, 78M, EV 85.0 MPH)
Batting: RHB Luis Rubio 0-0: Fielders Choice at 2nd, 6-4 (Groundball, 6, EV 82.5 MPH)
Top of the 2nd over - 0 runs, 2 hits, 0 errors, 2 left on base; Durham 0 - Gwinnett 0
BOTTOM OF THE 2ND
Gwinnett Braves batting - Pitching for Durham Bulls : RHP Alex Ramirez
Batting: LHB Rob Swope 0-0: Ball
1-0: Ball
2-0: Foul Ball, location: 2F
2-1: Swinging Strike
2-2: Ball
3-2: Foul Ball, location: 2F
3-2: Foul Ball, location: 2F
3-2: Strikes out swinging
Batting: RHB Jake Cummings 0-0: Called Strike
0-1: Swinging Strike
0-2: Strikes out looking
Batting: RHB Eduardo Pabon 0-0: Ball
1-0: SINGLE (Line Drive, 89S, EV 88.8 MPH)
Batting: LHB John Simon 0-0: Called Strike
0-1: Called Strike
Eduardo Pabon steals 2nd base
0-2: Foul Ball, location: 5F
0-2: DOUBLE (Flyball, 8LD, EV 99.4 MPH)
Eduardo Pabon scores
Batting: LHB Ivan Denizard 0-0: Called Strike
0-1: Foul Ball, location: 2F
0-2: Ball
1-2: Strikes out swinging
Bottom of the 2nd over - 1 run, 2 hits, 0 errors, 1 left on base; Durham 0 - Gwinnett 1
TOP OF THE 3RD
Durham Bulls batting - Pitching for Gwinnett Braves : RHP Clodio Benido
Batting: RHB A.J. Adair 0-0: Ball
1-0: Ball
2-0: Foul Ball, location: 3DF
2-1: Swinging Strike
2-2: Hit by Pitch
Batting: LHB Dave Gonzales 0-0: Called Strike
0-1: Ball
1-1: SINGLE (Line Drive, 34, EV 95.6 MPH)
A.J. Adair to second
Runner from 2nd tries for 3rd, SAFE, no throw by RF
Batting: LHB Xavier Longoria 0-0: Ball
1-0: Ball
2-0: Ball
3-0: Called Strike
3-1: Base on Balls
Dave Gonzales to second
Batting: LHB Bettino Sanguinacco 0-0: Ball
1-0: Foul Ball, location: 7LMF
1-1: Ball
2-1: Foul Ball, location: 2LF
2-2: GRAND SLAM HOME RUN (Flyball, 9D, EV 94.4 MPH), Distance : 373 ft
Batting: RHB David Vorel 0-0: Ball
1-0: Fly out, F3 (Popup, 3SF, EV 71.9 MPH)
Batting: LHB Adam Jensen 0-0: Ball
1-0: Fly out, F3 (Popup, 34, EV 60.6 MPH)
Batting: RHB Matthew Randall 0-0: Called Strike
0-1: Called Strike
0-2: Strikes out looking
Top of the 3rd over - 4 runs, 2 hits, 0 errors, 0 left on base; Durham 4 - Gwinnett 1
BOTTOM OF THE 3RD
Gwinnett Braves batting - Pitching for Durham Bulls : RHP Alex Ramirez
Batting: RHB Jonathan Allen 0-0: Ball
1-0: Fly out, F8 (Line Drive, 8LM, EV 90.6 MPH)
Batting: RHB Ryan Carrier 0-0: Foul Ball, location: 7LMF
0-1: Foul Ball, location: 23F
0-2: TRIPLE (Line Drive, 9LD, EV 100.0 MPH)
Batting: LHB Casey Faler 0-0: Called Strike
0-1: Foul Ball, location: 25FF
0-2: Ball
1-2: Ball
2-2: 2-RUN HOME RUN (Flyball, 9LD, EV 98.1 MPH), Distance : 350 ft
Batting: RHB Arthur Dennis 0-0: Ball
1-0: Ball
2-0: Ball
3-0: Called Strike
3-1: Called Strike
3-2: Base on Balls
Batting: LHB Rob Swope 0-0: Called Strike
0-1: Ball
1-1: Called Strike
1-2: Ball
2-2: Strikes out swinging
Batting: RHB Jake Cummings 0-0: Fielders Choice at 2nd, 6-4 (Groundball, 6, EV 90.0 MPH)
Bottom of the 3rd over - 2 runs, 2 hits, 0 errors, 1 left on base; Durham 4 - Gwinnett 3
TOP OF THE 4TH
Durham Bulls batting - Pitching for Gwinnett Braves : RHP Clodio Benido
Batting: RHB Edgar Guerrero 0-0: Ball
1-0: Called Strike
1-1: Ball
2-1: Ball
3-1: Foul Ball, location: 2F
3-2: Base on Balls
Batting: RHB Luis Rubio 0-0: Sac Bunt to 5S - play at second, runner OUT! 5-6
Batting: RHB A.J. Adair 0-0: Ball
1-0: Foul Ball, location: 3SF
1-1: Ball
2-1: Foul Ball, location: 2F
2-2: Strikes out looking
Batting: LHB Dave Gonzales 0-0: Ball
1-0: Ball
2-0: Foul Ball, location: 2F
2-1: Foul Ball, location: 25F
2-2: Foul Ball, location: 5F
2-2: Fielders Choice at 2nd, 5-4 (Groundball, 56, EV 101.3 MPH)
Top of the 4th over - 0 runs, 0 hits, 0 errors, 1 left on base; Durham 4 - Gwinnett 3
BOTTOM OF THE 4TH
Gwinnett Braves batting - Pitching for Durham Bulls : RHP Alex Ramirez
Batting: RHB Eduardo Pabon 0-0: Called Strike
0-1: Ball
1-1: SINGLE (Groundball, 4MD, EV 101.3 MPH)
Batting: LHB John Simon 0-0: Fielders Choice at 2nd, 1-6 (Groundball, 13S, EV 67.5 MPH)
Batting: LHB Ivan Denizard 0-0: Ball
1-0: Ball
2-0: SINGLE (Groundball, 6MD, EV 100.6 MPH)
John Simon to second
Runner from 2nd tries for 3rd, SAFE, no throw by CF
Batting: RHB Jonathan Allen 0-0: Called Strike
0-1: Foul Ball, location: 2F
0-2: Foul Ball, location: 5FF
0-2: Ball
1-2: Foul Ball, location: 3SF
1-2: Ball
2-2: Fielders Choice at 2nd, 4-6 (Groundball, 4, EV 84.4 MPH)
John Simon scores
Batting: RHB Ryan Carrier 0-0: Called Strike
0-1: Ball
1-1: Ball
2-1: Fielders Choice at 2nd, 6-4 (Groundball, 6, EV 94.4 MPH)
Bottom of the 4th over - 1 run, 2 hits, 0 errors, 1 left on base; Durham 4 - Gwinnett 4
TOP OF THE 5TH
Durham Bulls batting - Pitching for Gwinnett Braves : RHP Clodio Benido
Batting: LHB Xavier Longoria 0-0: Ball
1-0: Ground out 6-3 (Groundball, 6M, EV 85.0 MPH)
Batting: LHB Bettino Sanguinacco 0-0: Called Strike
0-1: Ball
1-1: Ground out U3 (Groundball, 34, EV 85.0 MPH)
Batting: RHB David Vorel 0-0: Ball
1-0: DOUBLE (Line Drive, 7LM, EV 94.4 MPH)
Batting: LHB Adam Jensen 0-0: Ball
1-0: Called Strike
1-1: Foul Ball, location: 2F
1-2: Foul Ball, location: 2F
1-2: Ball
2-2: Strikes out swinging
Top of the 5th over - 0 runs, 1 hit, 0 errors, 1 left on base; Durham 4 - Gwinnett 4
BOTTOM OF THE 5TH
Gwinnett Braves batting - Pitching for Durham Bulls : RHP Alex Ramirez
Batting: LHB Casey Faler 0-0: Called Strike
0-1: Ball
1-1: Ball
2-1: Called Strike
2-2: Strikes out swinging
Batting: RHB Arthur Dennis 0-0: Ball
1-0: Ball
2-0: Ball
3-0: Base on Balls
Batting: LHB Rob Swope 0-0: Foul Ball, location: 3F
0-1: Ball
1-1: Ball
2-1: Ball
3-1: Base on Balls
Arthur Dennis to second
Batting: RHB Jake Cummings 0-0: Called Strike
0-1: Called Strike
0-2: Foul Ball, location: 5FF
0-2: Fly out, F9 (Flyball, 89S, EV 86.3 MPH)
Batting: RHB Eduardo Pabon 0-0: Ball
1-0: Ball
2-0: Called Strike
2-1: Fly out, F8 (Flyball, 8RM, EV 93.1 MPH)
Bottom of the 5th over - 0 runs, 0 hits, 0 errors, 2 left on base; Durham 4 - Gwinnett 4
TOP OF THE 6TH
Durham Bulls batting - Pitching for Gwinnett Braves : RHP Clodio Benido
Batting: RHB Matthew Randall 0-0: Called Strike
0-1: Ball
1-1: Called Strike
1-2: Foul Ball, location: 25F
1-2: Strikes out looking
Batting: RHB Edgar Guerrero 0-0: Called Strike
0-1: Fly out, F8 (Line Drive, 8RM, EV 98.1 MPH)
Batting: RHB Luis Rubio 0-0: SINGLE (Line Drive, 4D, EV 93.8 MPH)
Batting: RHB A.J. Adair 0-0: Ball
1-0: Ball
2-0: Swinging Strike
2-1: Ball
3-1: Called Strike
3-2: Strikes out swinging
Top of the 6th over - 0 runs, 1 hit, 0 errors, 1 left on base; Durham 4 - Gwinnett 4
BOTTOM OF THE 6TH
Gwinnett Braves batting - Pitching for Durham Bulls : RHP Alex Ramirez
Batting: LHB John Simon 0-0: Ball
1-0: Called Strike
1-1: Ball
2-1: Ground out 4-3 (Groundball, 34, EV 98.8 MPH)
Batting: LHB Ivan Denizard 0-0: Foul Ball, location: 3F
0-1: Ground out 4-3 (Groundball, 34D, EV 104.4 MPH)
Batting: RHB Jonathan Allen 0-0: Swinging Strike
0-1: Ball
1-1: Called Strike
1-2: Ball
2-2: Ball
3-2: Strikes out swinging
Bottom of the 6th over - 0 runs, 0 hits, 0 errors, 0 left on base; Durham 4 - Gwinnett 4
TOP OF THE 7TH
Durham Bulls batting - Pitching for Gwinnett Braves : RHP Clodio Benido
Batting: LHB Dave Gonzales 0-0: Ball
1-0: Ball
2-0: Ball
3-0: Foul Ball, location: 3F
3-1: Base on Balls
Batting: LHB Xavier Longoria 0-0: Called Strike
0-1: Called Strike
0-2: Strikes out swinging
Batting: LHB Bettino Sanguinacco 0-0: Ball
1-0: Ball
2-0: Foul Ball, location: 2F
2-1: Ball
3-1: Foul Ball, location: 2F
3-2: Base on Balls
Dave Gonzales to second
Pitching: RHP Dave Arellano
Batting: RHB David Vorel 0-0: Ball
1-0: Foul Ball, location: 5FF
1-1: Ball
2-1: Fly out, F8 (Flyball, 89D, EV 92.5 MPH)
Runner from 2nd tags up, SAFE at 3rd, no throw by CF
Batting: LHB Adam Jensen 0-0: Called Strike
0-1: Fly out, F9 (Flyball, 89D, EV 104.4 MPH)
Top of the 7th over - 0 runs, 0 hits, 0 errors, 2 left on base; Durham 4 - Gwinnett 4
BOTTOM OF THE 7TH
Gwinnett Braves batting - Pitching for Durham Bulls : RHP Alex Ramirez
Pinch Hitting: LHB Colin Garton 0-0: Fly out, F7 (Flyball, 78S, EV 105.6 MPH)
Batting: LHB Casey Faler 0-0: Called Strike
0-1: Swinging Strike
0-2: Ball
1-2: DOUBLE (Flyball, 89D, EV 100.0 MPH)
Batting: RHB Arthur Dennis 0-0: Ball
1-0: Foul Ball, location: 7LMF
1-1: Foul Ball, location: 25F
1-2: Foul Ball, location: 3F
1-2: Ball
2-2: Foul Ball, location: 2F
2-2: Fly out, F8 (Flyball, 8RM, EV 98.1 MPH)
Batting: LHB Rob Swope 0-0: Swinging Strike
0-1: Foul Ball, location: 7LDF
0-2: Ground out 3-1 (Groundball, 13, EV 81.3 MPH)
Bottom of the 7th over - 0 runs, 1 hit, 0 errors, 1 left on base; Durham 4 - Gwinnett 4
TOP OF THE 8TH
Durham Bulls batting - Pitching for Gwinnett Braves : RHP Dave Arellano
Pitching: RHP Mark Weeks
Now at 1B: Joe Henkels
Batting: RHB Matthew Randall 0-0: Called Strike
0-1: Ball
1-1: Fly out, F9 (Line Drive, 9, EV 103.1 MPH)
Batting: RHB Edgar Guerrero 0-0: Ball
1-0: SINGLE (Line Drive, 34, EV 95.0 MPH)
Batting: RHB Luis Rubio 0-0: Ball
1-0: Ball
2-0: Ball
3-0: Base on Balls
Edgar Guerrero to second
Pinch Hitting: LHB Jose Meza 0-0: Ball
1-0: Ball
2-0: Foul Ball, location: 25FF
2-1: Ball
3-1: Foul Ball, location: 23F
3-2: Strikes out swinging
Batting: LHB Dave Gonzales 0-0: Called Strike
0-1: Ball
1-1: Ball
2-1: Called Strike
2-2: Fielders Choice at 2nd, U4 (Groundball, 4M, EV 85.0 MPH)
Top of the 8th over - 0 runs, 1 hit, 0 errors, 2 left on base; Durham 4 - Gwinnett 4
BOTTOM OF THE 8TH
Gwinnett Braves batting - Pitching for Durham Bulls : RHP Alex Ramirez
Pitching: RHP Gregg Peterson
Now in CF: Jorge Amaya
Pinch Hitting: LHB Josh Burrowes 0-0: Foul Ball, location: 2LF
0-1: Ball
1-1: Foul Ball, location: 2F
1-2: SINGLE (Line Drive, 8RS, EV 89.4 MPH)
Batting: RHB Eduardo Pabon 0-0: Ball
1-0: SINGLE (Line Drive, 3D, EV 105.6 MPH)
Josh Burrowes to second
Batting: LHB John Simon 0-0: Ball
1-0: Called Strike
1-1: Foul Ball, location: 7LSF
1-2: Fly out, F4 (Popup, 4, EV 53.8 MPH)
Batting: LHB Ivan Denizard 0-0: Ground out U3 (Groundball, 3S, EV 86.3 MPH)
Josh Burrowes to third
Eduardo Pabon to second
Batting: RHB Jonathan Allen 0-0: Called Strike
0-1: DOUBLE (Line Drive, 9LS, EV 95.0 MPH)
Josh Burrowes scores
Eduardo Pabon scores
Batting: RHB Joe Henkels 0-0: Ball
1-0: Called Strike
1-1: Called Strike
1-2: Strikes out swinging
Bottom of the 8th over - 2 runs, 3 hits, 0 errors, 1 left on base; Durham 4 - Gwinnett 6
TOP OF THE 9TH
Durham Bulls batting - Pitching for Gwinnett Braves : RHP Mark Weeks
Now in CF: Jorge Figueira
Batting: LHB Xavier Longoria 0-0: Called Strike
0-1: Ball
1-1: Called Strike
1-2: Ball
2-2: Foul Ball, location: 7LDF
2-2: SINGLE (Groundball, 34D, EV 102.5 MPH)
Batting: LHB Bettino Sanguinacco 0-0: Ball
1-0: Ball
2-0: Called Strike
2-1: Foul Ball, location: 2RF
2-2: Foul Ball, location: 3FF
2-2: Ball
3-2: Foul Ball, location: 2F
3-2: SINGLE (Groundball, 34D, EV 105.0 MPH)
Xavier Longoria to second
Batting: RHB David Vorel 0-0: Ball
1-0: Fly out, F9 (Flyball, 9, EV 86.9 MPH)
Batting: LHB Adam Jensen 0-0: Swinging Strike
0-1: Foul Ball, location: 2F
0-2: Ball
1-2: Ball
2-2: Foul Ball, location: 7LMF
2-2: Strikes out swinging
Batting: RHB Matthew Randall 0-0: Called Strike
0-1: Fly out, F3 (Popup, 23F, EV 85.0 MPH)
Top of the 9th over - 0 runs, 2 hits, 0 errors, 2 left on base; Durham 4 - Gwinnett 6
Sunday, April 14th , 2024 - OOTP Baseball 24.11 Build 85